 Dungeon Crawl Stone Soup version 0.28-a0-1624-g820543e53a (webtiles) character file.

Game seed: 16078943583578542999

57 Shayle the Sneak (level 3, -4/24 HPs)
             Began as a Demonspawn Enchanter on Jan 24, 2022.
             Killed by divine providence
             ... invoked by an orc priest
              (12 damage)
             ... on level 3 of the Dungeon.
             The game lasted 00:05:16 (2997 turns).

Shayle the Sneak (Demonspawn Enchanter)             Turns: 2997, Time: 00:05:17

Health: -4/24      AC:  5    Str:  8    XL:     3   Next: 73%
Magic:  6/6        EV: 12    Int: 16    God:
Gold:   43         SH:  0    Dex: 15    Spells: 6/6 levels left

rFire   . . .      SeeInvis .   a - +2 dagger
rCold   . . .      Faith    .   (no shield)
rNeg    . . .      Spirit   .   b - +0 robe
rPois   .          Reflect  .   (no helmet)
rElec   .          Harm     .   g - +2 cloak
rCorr   .          Rampage  .   (no gloves)
Will    .....                   (no boots)
Stlth   +++.......              (no amulet)
HPRegen 0.08/turn               (no ring)
MPRegen 0.20/turn               (no ring)

@: no status effects
A: hooves 1, magic regeneration
a: no special abilities


You were on level 3 of the Dungeon.
You visited 1 branch of the dungeon, and saw 3 of its levels.

You collected 82 gold pieces.
You spent 39 gold pieces at shops.

Inventory:

Hand Weapons
 a - a +2 dagger (weapon)
Missiles
 f - 5 javelins (quivered)
Armour
 b - a +0 robe (worn)
 g - a +2 cloak (worn)
Scrolls
 e - a scroll of noise
 i - a scroll of fear
 k - a scroll of identify
Potions
 c - a potion of invisibility
 d - a potion of haste {unknown}
 h - a potion of lignification
 j - a potion of curing


   Skills:
 - Level 0.8(1.5) Short Blades
 + Level 2.1(2.2) Long Blades
 - Level 1.7 Dodging
 + Level 3.7 Stealth
 - Level 2.0 Spellcasting
 - Level 3.0 Hexes


You had 6 spell levels left.
You didn't know any spells.
Your spell library contained the following spells:

 Spells                   Type           Power      Damage    Failure   Level
 Ensorcelled Hibernation  Hex/Ice        12%        N/A       17%         2
 Confusing Touch          Hex            11%        N/A       19%         3
 Tukima's Dance           Hex            11%        N/A       19%         3
 Dazzling Flash           Conj/Hex       12%        N/A       32%         3


Dungeon Overview and Level Annotations

Branches:
Dungeon (3/15)

Altars:

Shops:
D:3 *


Innate Abilities, Weirdness & Mutations

You have large cloven feet.
You regenerate magic rapidly.


Message History

You hit the orc but do no damage.
The orc is heavily wounded.
The orc closely misses you.
You barely miss the orc. You kick the orc, but do no damage.
The orc is moderately wounded.
The orc closely misses you.
You hit the orc. You kick the orc.
The orc is severely wounded.
The orc completely misses you.
You hit the orc but do no damage.
The orc is severely wounded.
The orc hits you but does no damage.
You hit the orc. You kick the orc.
You kill the orc!
The orc priest mumbles some strange prayers to Beogh against you.
Beogh smites you!
You hit something. You hit something but do no damage.
Your kick misses something.
You hear the rusting of a drain nearby.
Something barely misses you.
You hit something but do no damage. Your kick misses something.
You hear some strange, mumbled words.
You are confused.
You bump into the rock wall.
Something barely misses you.
You bump into the rock wall.
Something hits you but does no damage.
You barely miss something. Your kick misses something.
Something hits you but does no damage.
You're too confused to move!
Something hits you.
You bump into the rock wall.
Something hits you.
The orc priest begins to cast a cantrip, but forgets the words!
You bump into the rock wall.
Something hits you.
The orc priest casts a cantrip, but nothing happens.
You bump into the rock wall.
You feel less confused.
The orc priest looks encouraged for a moment.
Something hits you but does no damage.
The orc priest calls down the wrath of Beogh upon you.
Beogh smites you!
Ouch! That really hurt!
You die...

...).# ##.# #.... ......#
##..# #.##.
......o####...########.##.
......o'.o................
.......##o#...##.#####.##.
......# #o##..##.# #.# #
.....# #{##...#.# #.###
#...# #.##.#.#.# #....
##+# #@##.. #.# #####
#.##.# #.# # #.##.###.# #
# ###........# #
...###...##.#####
.........##.# ..###†..##.#
##.....# #######


You could see an orc priest and 2 orcs.

Vanquished Creatures
  An adder (D:2)
  A worm (D:2)
  A dart slug (D:1)
  An orc (D:3)
  5 endoplasms
  2 giant cockroaches (D:2)
  5 goblins
  3 hobgoblins
  2 jackals (D:2)
  A quokka (D:1)
  A ball python (D:1)
  3 bats (D:2)
  4 frilled lizards
  4 kobolds
  6 rats
40 creatures vanquished.

Notes
Turn   | Place    | Note
-------+----------+-------------------------------------------
     0 | D:1      | Shayle the Demonspawn Enchanter began the quest for the
                  | Orb.
     0 | D:1      | Reached XP level 1. HP: 13/13 MP: 3/3
   839 | D:1      | Gained mutation: You have large cloven feet. [demonic
                  | ancestry]
   839 | D:1      | Reached XP level 2. HP: 18/19 MP: 5/5
  1170 | D:1      | Reached skill level 1 in Long Blades
  1333 | D:1      | Found a faded altar of an unknown god.
  1930 | D:2      | Gained mutation: You regenerate magic rapidly. [demonic
                  | ancestry]
  1930 | D:2      | Reached XP level 3. HP: 23/24 MP: 6/6
  2783 | D:3      | Found Moim's General Store.
  2797 | D:3      | Bought a potion of curing for 39 gold pieces
  2997 | D:3      | Killed from afar by an orc priest

Illustrated notes

Levels and vault maps discovered:
D:1:      minmay_arrival_open_corners, layout_basic,
          shapermc_ecumenical_altar_totnotflames
D:2:      layout_basic
D:3:      layout_loops_corners, serial_shops, nicolae_shop_hallway_stairs,
          shop_fountains, shop, cheibrodos_sewer_entry_sluice,
          roderic_cross_of_infinity

Skill      XL: |  1  2  3 |
---------------+----------+-----
Stealth        | 3 |  3.7
Long Blades    | 1 2 |  2.1
Short Blades   | |  0.8
Dodging        | |  1.7
Spellcasting   | |  2.0
Hexes          | |  3.0

Action                   || total
-------------------------++-------
Melee: Dagger            ||   177
       Kick              ||    42
       Punch             ||     3
  Use: Scroll            ||     6
 Stab: Sleeping          ||     7
Armor: Robe              ||    38
Dodge: Dodged            ||    96

Table legend: (Time is in decaauts)
 A = Elapsed time spent in this place.
 B = Non-inter-level travel time spent in this place.
 C = Inter-level travel time spent in this place.
 D = Time resting spent in this place.
 E = Time spent auto-exploring this place.
 F = Levels seen in this place.
 G = Mean time per level.
                   A        B        C        D        E       F      G
               +--------+--------+--------+--------+--------+-----+--------+
         Total |   2987 |   2886 |    101 |    571 |   1566 |   3 |  995.7 |
       Dungeon |   2987 |   2886 |    101 |    571 |   1566 |   3 |  995.7 |
               +--------+--------+--------+--------+--------+-----+--------+

Top non-repeatable levels by time:
     D:1: 1722 daAuts
     D:2: 1052 daAuts
     D:3: 212 daAuts
